 Dungeon Crawl Stone Soup version 0.32-a0-871-ge202e49faa (webtiles) character file.

Game seed: 3776999139270495116

14310 bronco the Thaumaturge (level 11, -2/86 HPs)
             Began as a Mummy Necromancer on Mar 30, 2024.
             Was a High Priest of Kikubaaqudgha.
             Killed from afar by a manticore (20 damage)
             ... with a volley of spikes
             ... on level 11 of the Dungeon.
             The game lasted 00:45:26 (10972 turns).

bronco the Thaumaturge (Mummy Necromancer)         Turns: 10972, Time: 00:45:27

Health: -2/86      AC: 11    Str: 11    XL:     11   Next: 87%
Magic:  10/23      EV: 31    Int: 20    God:    Kikubaaqudgha [*****.]
Gold:   379        SH:  0    Dex: 12    Spells: 3/27 levels left

rFire   x . .        a - +2 scimitar (vamp)
rCold   + . .        (no shield)
rNeg    + + +        C - +1 robe of Vines {NoPotionHeal Regen++++}
rPois   ∞            e - +2 helmet
rElec   .            i - +0 cloak
rCorr   .            y - +1 pair of gloves
SInv    .            m - +1 pair of boots
Will    +....        p - amulet of the acrobat
Stlth   ++           k - +5 ring of evasion
HPRegen 3.54/turn    u - ring of flight
MPRegen 0.18/turn

%: acrobat, faith
@: spiked, acrobatic, flying
A: cold resistance 1, negative energy resistance 3, torment resistance 2, heat
vulnerability 1, in touch with death 1, no potions, faith
a: Renounce Religion, Unearth Wretches, Torment


You were on level 11 of the Dungeon.
You worshipped Kikubaaqudgha.
Kikubaaqudgha was extremely pleased with you.
You visited 2 branches of the dungeon, and saw 12 of its levels.
You also visited: Ossuary.

You collected 379 gold pieces.

Inventory:

Hand Weapons
 a - a +2 vampiric scimitar (weapon)
 b - a +3 trident of venom
 r - a +1 scimitar of flaming
 z - the +7 dagger "Xiposif" {spect, rElec MP-9 Dex+3 Stlth+}
   (You found it on level 6 of the Dungeon)

   Dex+3:     It affects your dexterity (+3).
   rElec:     It insulates you from electricity.
   MP-9:      It affects your magic capacity (-9).
   Stlth+:    It makes you more stealthy.
Missiles
 c - 114 stones
 l - 8 boomerangs
 t - 48 poisoned darts (quivered)
 B - 3 throwing nets
Armour
 e - a +2 helmet (worn)
 i - a +0 cloak (worn)
 m - a +1 pair of boots (worn)
 y - a +1 pair of gloves (worn)
 C - the +1 robe of Vines (worn) {NoPotionHeal Regen++++}
   (You found it on level 8 of the Dungeon)

   NoPotionHeal: Its wearer cannot be healed by potions.
   Regen++++: It increases your rate of health regeneration.
Jewellery
 k - a +5 ring of evasion (left hand)
 n - an amulet of guardian spirit
 p - an amulet of the acrobat (around neck)
 q - the amulet of the Zebra {Spirit rC+ Will- Str+4}
   (You found it on level 9 of the Dungeon)

   [amulet of guardian spirit]

   Spirit:    It causes incoming damage to be divided between your reserves of
   health and magic.
   Str+4:     It affects your strength (+4).
   rC+:       It protects you from cold.
   Will-:     It decreases your willpower.
 u - a ring of flight (right hand)
 w - a ring of ice
Wands
 h - a wand of flame (17)
Scrolls
 d - 4 scrolls of immolation
 g - a scroll of noise
 j - 3 scrolls of amnesia
 o - 2 scrolls of silence
 s - 2 scrolls of vulnerability
 v - a scroll of teleportation
 x - 5 scrolls of identify


   Skills:
 - Level 8.1 Fighting
 - Level 7.5 Long Blades
 - Level 7.1 Polearms
 - Level 1.5 Dodging
 - Level 1.5 Stealth
 + Level 8.7 Spellcasting
 + Level 8.5 Necromancy
 - Level 6.1 Earth Magic


You had 3 spell levels left.
You knew the following spells:

 Your Spells              Type           Power      Damage    Failure   Level
a - Necrotise             Necr           100%       1d9       1%          1
b - Vampiric Draining     Necr           59%        2d10      1%          3
c - Animate Dead          Necr           59%        N/A       2%          4
d - Curse of Agony        Necr           59%        N/A       7%          5
e - Cigotuvi's Dreadful   Necr/Alch/Air  60%        N/A       3%          2
f - Sandblast             Erth           66%        2d15      1%          1
g - Stone Arrow           Conj/Erth      42%        3d9       7%          3
h - Borgnjor's Vile Clut  Necr/Erth      27%        N/A       11%         5

Your spell library contained the following spells:

 Spells                   Type           Power      Damage    Failure   Level
 Kiss of Death            Conj/Necr      100%       2d13      1%          1
 Fugue of the Fallen      Necr           59%        N/A       1%          3
 Sting                    Conj/Alch      32%        1d5       8%          1
 Blink                    Tloc           16%        N/A       12%         2
 Static Discharge         Conj/Air       16%        3-4/arc   12%         2
 Dispel Undead            Necr           59%        3d21      2%          4
 Anguish                  Hex/Necr       19%        N/A       14%         4
 Brom's Barrelling Bould  Conj/Erth      21%        2d4       22%         4
 Airstrike                Air            4%         2d(1-17)  61%         4
 Passage of Golubria      Tloc           8%         N/A       61%         4
 Summon Lightning Spire   Summ/Air       8%         N/A       61%         4
 Vhi's Electric Charge    Tloc/Air       16%        N/A       61%         4


Dungeon Overview and Level Annotations

Branches:
Dungeon (11/15)            Temple (1/1) D:4             Orc (0/2) D:9
Ossuary (visited)
   Lair: D:8-11

Altars:
Ashenzari
Dithmenos
Fedhas
Gozag
Hepliaklqana
Kikubaaqudgha
Makhleb
Nemelex Xobeh
Okawaru
Qazlal
Ru
Sif Muna
Trog
Uskayaw
Vehumet
Wu Jian
Xom
Yredelemnul

Annotations:
D:9 3 runed translucent doors


Innate Abilities, Weirdness & Mutations

You are immune to poison.
Your flesh is cold resistant. (rC+)
You are immune to negative energy. (rN+++)
You are immune to unholy pain and torment.
You are vulnerable to heat. (rF-)
You are in touch with the powers of death.
You do not drink.
You have a special connection with the divine. (Faith)


Message History

Your centaur zombie hits the manticore.
Your centaur zombie barely misses the manticore.
The killer bee misses you.
The manticore flicks its tail.
The volley of spikes skewers you.
More barbed spikes become lodged in your body.
* * * LOW HITPOINT WARNING * * *
Your centaur zombie hits the manticore.
Your centaur zombie kicks the manticore but does no damage.
Unknown command.
You can't drink.
Unknown command.
Okay, then.
Okay, then.
The killer bee barely misses you.
Your centaur zombie hits the manticore.
Your centaur zombie kicks the manticore but does no damage.
The killer bee completely misses you.
The manticore flicks its tail.
The volley of spikes misses you.
The volley of spikes skewers the killer bee!
The killer bee dies!
The dead are flying!
Unknown command.
Unknown command.
Your reaping aura expires.
Your centaur zombie hits the manticore but does no damage.
Your centaur zombie kicks the manticore but does no damage.
The manticore bites your centaur zombie.
The manticore claws your centaur zombie!
The manticore claws your centaur zombie.
Your centaur zombie is destroyed!
Unknown command.
Unknown command.
The manticore flicks its tail.
The volley of spikes misses you.
The manticore flicks its tail.
The volley of spikes skewers you!!
More barbed spikes become lodged in your body.
You die...
Kikubaaqudgha rasps: You have failed me!
Welcome... oblivion!

.## #.. .......##.#
.# ........#.. .#
..........#########.#
...........#.#.#.#..#
....... #...........#
.....<.##.........#.#
....................#
.....Z.@.>#.......<#
........##..)......#
...H..####.........#
....## #..........#
..# #.........## #
#..........#
#.........##
#........##
#.......##


You could see a manticore (ally target) and a friendly killer bee zombie.

Vanquished Creatures
  Harold (D:9)
  A hydra (D:8)
  A meliai (D:9)
  A troll (D:9)
  2 hornets
  2 shadows
  A wraith (D:10)
  2 vampires
  23 yaks
  2 wyverns
  A steam dragon (D:7)
  Menkaure (D:7)
  Edmund (D:4)
  A water moccasin (D:8)
  2 sky beasts (D:7)
  2 black bears (D:6)
  An ice beast (D:7)
  4 ogres
  A centaur (D:11)
  3 phantoms
  2 kobold brigands
  A weeping skull (Ossuary)
  A bullfrog (D:6)
  3 water moccasin zombies (Ossuary)
  2 scorpions (D:6)
  6 killer bees
  A bombardier beetle (D:6)
  3 orc priests
  2 hounds (D:4)
  2 iguanas
  2 orc wizards
  2 crocodile zombies (Ossuary)
  A bullfrog simulacrum (Ossuary)
  2 mummies (Ossuary)
  Robin (D:2)
  4 adders
  A shadow imp (D:7)
  2 ufetubi (D:5)
  3 adder zombies (Ossuary)
  2 dart slugs (D:5)
  13 orcs
  2 ball pythons (D:1)
  9 endoplasms
  3 giant cockroaches
  11 gnoll zombies (Ossuary)
  20 goblins
  4 hobgoblins
  2 jackals (D:1)
  11 kobolds
  4 quokkas
  7 bats
  3 frilled lizards
  3 jackal zombies (Ossuary)
  2 orc zombies (Ossuary)
  5 rats
195 creatures vanquished.

Vanquished Creatures (collateral kills)
  Erica (D:10)
  2 meliai (D:9)
  3 trolls
  A shadow (D:9)
  14 yaks
  An ice beast (D:5)
  An orc warrior (D:8)
  2 kobold brigands
  6 killer bees
  A howler monkey (D:4)
  A hound (D:5)
  A jelly (D:8)
  3 orc wizards
  An adder (D:4)
  11 orcs
  3 goblins
  8 kobolds
60 creatures vanquished.

Vanquished Creatures (others)
  A meliai zombie (D:9)
  A yak (D:9)
  2 hornet zombies
  An octopode zombie (D:10)
  A wyvern zombie (D:8)
  3 killer bees
  6 yak zombies
  A bullfrog zombie (D:6)
  A centaur zombie (D:11)
  3 killer bee zombies
  A sky beast zombie (D:7)
  An ogre zombie (D:7)
  A gnoll zombie (Ossuary)
  A dart slug zombie (D:5)
  6 goblin zombies (D:3)
  A kobold zombie (D:6)
  11 orc zombies
42 creatures vanquished.

Grand Total: 297 creatures vanquished

Notes
Turn   | Place    | Note
-------+----------+-------------------------------------------
     0 | D:1      | bronco the Mummy Necromancer began the quest for the Orb.
     0 | D:1      | Reached XP level 1. HP: 13/13 MP: 4/4
   236 | D:1      | Reached XP level 2. HP: 19/19 MP: 2/6
  1190 | D:2      | Reached XP level 3. HP: 24/24 MP: 5/8
  1308 | D:2      | Reached skill level 5 in Spellcasting
  1312 | D:2      | Learned a level 3 spell: Vampiric Draining
  1377 | D:2      | Noticed Robin
  1938 | D:2      | Killed Robin
  1939 | D:2      | Reached XP level 4. HP: 30/30 MP: 5/11
  2112 | D:3      | Learned a level 4 spell: Animate Dead
  2164 | D:3      | Found a shimmering altar of Xom.
  2369 | D:3      | Noticed an ogre
  2404 | D:3      | Killed an ogre
  2405 | D:3      | Reached skill level 5 in Necromancy
  2405 | D:3      | Reached XP level 5. HP: 10/35 MP: 0/13
  2524 | D:3      | Found a faded altar of an unknown god.
  2881 | D:4      | Reached XP level 6. HP: 41/41 MP: 0/14
  2883 | D:4      | Found a sand-covered staircase.
  2975 | Ossuary  | Entered an ossuary
  3186 | Ossuary  | Learned a level 5 spell: Curse of Agony
  3260 | Ossuary  | Reached skill level 1 in Fighting
  3396 | Ossuary  | Reached XP level 7. HP: 48/52 MP: 13/15
  3673 | D:4      | Found a staircase to the Ecumenical Temple.
  3713 | Temple   | Entered the Ecumenical Temple
  3747 | Temple   | Became a worshipper of Kikubaaqudgha
  3816 | D:4      | Found a hazy altar of Hepliaklqana.
  3900 | D:4      | Reached skill level 5 in Fighting
  4031 | D:4      | Noticed Edmund
  4038 | D:4      | Killed Edmund
  4508 | D:5      | Entered Level 5 of the Dungeon
  4537 | D:5      | Found a shimmering blue altar of Sif Muna.
  4541 | D:5      | Found a basalt altar of Yredelemnul.
  4598 | D:5      | Reached XP level 8. HP: 65/65 MP: 14/16
  5003 | D:5      | Found a broken altar of Ashenzari.
  5080 | D:5      | Found an ornate altar of the Wu Jian Council.
  5081 | D:5      | Found a hide-covered altar of Uskayaw.
  5082 | D:5      | Found an opulent altar of Gozag.
  5202 | D:6      | Reached * piety under Kikubaaqudgha
  5202 | D:6      | Received a gift from Kikubaaqudgha
  5276 | D:6      | Identified the +7 dagger "Xiposif" {spect, rElec MP-9 Dex+3
                  | Stlth+}
  5977 | D:6      | Found a bloodstained altar of Trog.
  6032 | D:6      | Found an iron altar of Okawaru.
  6565 | D:7      | Learned a level 2 spell: Cigotuvi's Dreadful Rot
  6589 | D:7      | Reached XP level 9. HP: 74/74 MP: 6/19
  6701 | D:7      | Noticed Menkaure
  6705 | D:7      | Learned a level 1 spell: Sandblast
  6712 | D:7      | Killed Menkaure
  6871 | D:7      | Reached skill level 1 in Earth Magic
  7416 | D:8      | Noticed a four-headed hydra
  7558 | D:8      | Noticed a troll
  7560 | D:8      | Learned a level 3 spell: Stone Arrow
  7564 | D:8      | Killed a four-headed hydra
  7565 | D:8      | Reached skill level 5 in Earth Magic
  7925 | D:8      | Reached ** piety under Kikubaaqudgha
  7930 | D:8      | Reached XP level 10. HP: 78/80 MP: 1/21
  8253 | D:8      | Reached skill level 1 in Polearms
  8294 | D:8      | Found the +1 robe of Vines {NoPotionHeal Regen++++}
  8437 | D:8      | Found a radiant altar of Vehumet.
  8947 | D:9      | Noticed Harold
  8966 | D:9      | Killed Harold
  8967 | D:9      | Found a staircase to the Orcish Mines.
  8968 | D:9      | Noticed a meliai
  8969 | D:9      | Noticed a meliai
  8971 | D:9      | Noticed a meliai
  8977 | D:9      | Killed a meliai
  8978 | D:9      | Reached skill level 5 in Polearms
  9014 | D:9      | Killed a meliai
  9020 | D:9      | HP: 3/80 [meliai/divine providence (13)]
  9047 | D:9      | Killed a meliai
  9067 | D:9      | Reached *** piety under Kikubaaqudgha
  9067 | D:9      | Received a gift from Kikubaaqudgha
  9250 | D:9      | Reached skill level 1 in Long Blades
  9399 | D:9      | Identified the amulet of the Zebra {Spirit rC+ Will- Str+4}
  9416 | D:9      | Reached XP level 11. HP: 69/86 MP: 22/22
  9729 | D:9      | Found a runed translucent gate.
  9730 | D:9      | Found a runed translucent gate.
  9731 | D:9      | Noticed a death yak
  9732 | D:9      | Found a runed translucent gate.
  9883 | D:10     | Entered Level 10 of the Dungeon
  9897 | D:10     | Reached **** piety under Kikubaaqudgha
  9911 | D:10     | Noticed Erica
  9920 | D:10     | Killed Erica
  9921 | D:10     | Reached skill level 5 in Long Blades
 10207 | D:10     | Learned a level 5 spell: Borgnjor's Vile Clutch
 10313 | D:10     | Your ally Erica died
 10952 | D:11     | Reached ***** piety under Kikubaaqudgha
 10954 | D:11     | Got the Annotations on Arsenical Topology
 10968 | D:11     | HP: 3/86 [manticore/volley of spikes (3)]
 10972 | D:11     | Killed from afar by a manticore

Illustrated notes

Levels and vault maps discovered:
D:1:      onia_arrival_pyramid, layout_basic
D:2:      layout_rooms, uniq_robin
D:3:      cheibrodos_pilgrimage, layout_basic,
          mainiacjoe_overflow_cross_hatched, basic_ecumenical_altar,
          minmay_ogre_servants
D:4:      layout_basic, kennysheep_mini, minmay_temple_entry_glass,
          enter_ossuary_3, minivault_26, uniq_edmund
D:5:      layout_cave_pools, minitemple, ashenzari_conservatory_becter
D:6:      layout_basic, mainiacjoe_overflow_tiny_flanked, trog_ov_bears_minmay
D:7:      layout_basic, uniq_menkaure
D:8:      layout_gridville, vehumet_altar_wand_db, hangedman_decor_slide_cut,
          chequers_serial_rivers_room_b, st_stairs_2,
          hellmonk_guarded_unrand_vines
D:9:      lemuel_bear_cage, layout_long_grid, orc_0_dummy, uniq_harold
D:10:     layout_small_grid, nicolae_overflow_hidden_temple, marbit_many_paths,
          uniq_erica
D:11:     layout_cave_pods, due_lair_maze_entry_diamond, onia_ninara_cookie
Temple:   kb_temple_of_zot

Skill      XL: |  1  2  3  4  5  6  7  8  9 10 11 |
---------------+----------------------------------+-----
Spellcasting   | 3 4 5 7 8 |  8.7
Necromancy     | 5 6 7 8 |  8.5
Fighting       | 3 6 8 |  8.1
Earth Magic    | 6 |  6.1
Polearms       | 7 |  7.1
Long Blades    | 2 7 |  7.5
Dodging        | |  1.5
Stealth        | |  1.5

Action                     |  1- 3 |  4- 6 |  7- 9 | 10-12 || total
---------------------------+-------+-------+-------+-------++-------
  Melee: Falchion          |     2 |     6 |       |       ||     8
         Trident           |       |   204 |   238 |    73 ||   515
         Dagger            |       |       |     5 |       ||     5
         Scimitar          |       |       |       |   176 ||   176
  Throw: Dart              |       |       |     3 |     3 ||     6
         Boomerang         |       |       |    12 |     3 ||    15
         Throwing net      |       |       |       |     4 ||     4
   Cast: Necrotise         |    67 |    25 |    10 |     3 ||   105
         Vampiric Draining |       |     5 |    57 |     2 ||    64
         Animate Dead      |       |     3 |    13 |     6 ||    22
         Sandblast         |       |       |    11 |    27 ||    38
         Stone Arrow       |       |       |     4 |    40 ||    44
         Cigotuvi's Dreadf |       |       |     2 |       ||     2
         Borgnjor's Vile C |       |       |       |     4 ||     4
  Evoke: Wand              |       |     8 |    16 |    16 ||    40
    Use: Scroll            |     4 |     2 |    11 |     4 ||    21
   Stab: Sleeping          |       |     4 |     2 |       ||     6
         Distracted        |       |       |     2 |     1 ||     3
 Armour: Robe              |    17 |   103 |    72 |   295 ||   487
         Leather armour    |       |       |   106 |    10 ||   116
  Dodge: Dodged            |    27 |   197 |   239 |   405 ||   868

Table legend: (Time is in decaauts)
 A = Elapsed time spent in this place.
 B = Non-inter-level travel time spent in this place.
 C = Inter-level travel time spent in this place.
 D = Time resting spent in this place.
 E = Time spent auto-exploring this place.
 F = Levels seen in this place.
 G = Mean time per level.
                   A        B        C        D        E       F      G
               +--------+--------+--------+--------+--------+-----+--------+
         Total |  11181 |  10659 |    522 |   1822 |   6178 |  13 |  860.1 |
       Dungeon |  10411 |   9941 |    470 |   1571 |   6059 |  11 |  946.5 |
        Temple |     62 |     10 |     52 |      0 |      4 |   1 |   62.0 |
       Ossuary |    707 |    707 |      0 |    251 |    115 |   1 |  707.0 |
               +--------+--------+--------+--------+--------+-----+--------+

Top non-repeatable levels by time:
     D:6: 1387 daAuts
     D:8: 1226 daAuts
     D:9: 1151 daAuts
     D:1: 1144 daAuts
    D:10: 1070 daAuts
     D:7: 1017 daAuts
     D:4: 975 daAuts
     D:2: 912 daAuts
     D:3: 789 daAuts
 Ossuary: 707 daAuts
     D:5: 698 daAuts
  Temple: 62 daAuts
    D:11: 37 daAuts
